 Dungeon Crawl Stone Soup version 0.28.0-43-g3370ac3207 (webtiles) character file.

Game seed: 2059318316812654888

3129 pkoi the Grappler (level 9, -11/72 (82) HPs)
             Began as a Pale Draconian Transmuter on Mar 8, 2022.
             Was a Believer of Sif Muna.
             Mangled by Harold
             ... wielding a +2 scimitar of draining
              (15 damage)
             ... on level 1 of the Lair of Beasts on Mar 9, 2022.
             The game lasted 00:16:52 (11370 turns).

pkoi the Grappler (Pale Draconian Transmuter)      Turns: 11370, Time: 00:16:53

HP:   -11/72 (82)   AC:  7    Str: 13    XL:     9   Next: 61%
MP:   14/17         EV: 11    Int: 17    God:    Sif Muna [**....]
Gold: 433           SH:  0    Dex: 18    Spells: 10/18 levels left

rFire   x x .      SeeInvis .     - Unarmed
rCold   + + +      Faith    .   (shield currently unavailable)
rNeg    + . .      Spirit   .   (armour unavailable)
rPois   +          Reflect  .   (helmet currently unavailable)
rElec   .          Harm     .   (cloak currently unavailable)
rCorr   .          Rampage  .   (gloves currently unavailable)
Will    .....                   (boots currently unavailable)
Stlth   ++........              (no amulet)
HPRegen 0.22/turn               g - ring of Ascent {Wiz rPois rF- rN+ Slay+2}
MPRegen 0.15/turn               z - +6 ring of dexterity

@: ice-form, heavily drained
A: freezing attack, amphibious, boosted hp, (breathe steam), AC +7, large,
unfitting armour, (cold-blooded), (steam resistance)
a: End Transformation, Renounce Religion, Channel Magic


You were on level 1 of the Lair of Beasts.
You worshipped Sif Muna.
Sif Muna was pleased with you.
You were a creature of crystalline ice.
You visited 3 branches of the dungeon, and saw 10 of its levels.

You collected 433 gold pieces.

Inventory:

Hand Weapons
 c - a +0 dagger
 d - a +2 vorpal whip
 t - a +2 whip of electrocution
 w - a +6 flail
Armour
 b - a +0 cloak (melded)
 f - a +1 pair of gloves (melded)
 m - a +0 pair of boots (melded)
Jewellery
 g - the ring of Ascent (left front paw) {Wiz rPois rF- rN+ Slay+2}
   (You took it off an orc on level 3 of the Dungeon)

   [ring of wizardry]

   It improves your spell success rate.
   Slay:      It affects your accuracy & damage with ranged weapons and melee
   (+2).
   rF:        It makes you vulnerable to fire.
   rPois:     It protects you from poison.
   rN:        It protects you from negative energy.
 y - a ring of resist corrosion
 z - a +6 ring of dexterity (right front paw)
 A - a ring of flight
Wands
 n - a wand of polymorph (11)
 v - a wand of flame (48)
Scrolls
 e - 3 scrolls of identify
 k - 2 scrolls of fog
 l - 2 scrolls of brand weapon
 o - a scroll of fear
 q - a scroll of amnesia
 r - 3 scrolls of teleportation
Potions
 a - 7 potions of curing
 h - a potion of ambrosia
 i - a potion of brilliance
 j - a potion of might
 p - a potion of lignification
 s - a potion of flight
 u - a potion of magic
 x - a potion of haste


   Skills:
 - Level 3.0 Fighting
 - Level 3.0 Dodging
 * Level 9.4 Unarmed Combat
 + Level 5.3 Spellcasting
 + Level 5.8 Transmutations
 - Level 4.0 Ice Magic
 - Level 3.0 Poison Magic


You had 10 spell levels left.
You knew the following spells:

 Your Spells              Type           Power      Damage    Failure   Level
a - Beastly Appendage     Tmut           48%        N/A       1%          1
b - Spider Form           Tmut/Pois      19%        N/A       2%          3
c - Ice Form              Ice/Tmut       21%        N/A       8%          4

Your spell library contained the following spells:

 Spells                   Type           Power      Damage    Failure   Level
 Sting                    Tmut/Pois      76%        1d6       1%          1
 Wereblood                Tmut           24%        N/A       1%          2
 Passwall                 Tmut/Erth      11%        N/A       2%          2
 Ensorcelled Hibernation  Hex/Ice        22%        N/A       3%          2
 Poisonous Vapours        Pois/Air       18%        N/A       4%          2
 Magic Dart               Conj           16%        1d3       6%          1
 Searing Ray              Conj           8%         2d4       9%          2
 Swiftness                Air            4%         N/A       16%         3
 Olgreb's Toxic Radiance  Pois           14%        N/A       16%         4
 Fulminant Prism          Conj/Hex       2%         3d6       45%         4
 Eringya's Noxious Bog    Tmut/Pois      9%         N/A       77%         6
 Summon Forest            Summ/Tloc      2%         N/A       80%         5
 Summon Hydra             Summ           2%         N/A       100%        7


Dungeon Overview and Level Annotations

Branches:
Dungeon (8/15)             Temple (1/1) D:5            Lair (1/6) D:8

Altars:
Ashenzari
Cheibriados
Dithmenos
Elyvilon
Gozag
Hepliaklqana
Kikubaaqudgha
Makhleb
Nemelex Xobeh
Okawaru
Qazlal
Ru
Sif Muna
Trog
Vehumet
Wu Jian
Xom
Yredelemnul
Zin
The Shining One

Annotations:
D:2 Sigmund
D:5 2 transporters
Lair:1 Harold


Innate Abilities, Weirdness & Mutations

You are a creature of crystalline ice.
You have a powerful freezing melee attack.
You are amphibious.
Your maximum health is increased.
Your armour is entirely melded.
You are incapable of wielding weapons or throwing items.
((You can breathe blasts of scalding, opaque steam.))
((Your pale cyan-grey scales are hard. (AC +7)))
You cannot fit into any form of body armour.
((You are cold-blooded and may be slowed by cold attacks.))
((You are immune to the effects of steam.))


Message History

The harpoon shot misses you.
You punch Harold! You freeze Harold.
Harold is moderately wounded.
Harold hits you with a +2 scimitar of draining!
You partially resist.
You feel drained.
You hit Harold but do no damage.
Harold is moderately wounded.
Harold hits you with a +2 scimitar of draining!
* * * LOW HITPOINT WARNING * * *
You partially resist.
You feel drained.
* * * LOW HITPOINT WARNING * * *
You hit Harold but do no damage.
Harold is moderately wounded.
You hit Harold. You freeze Harold.
Harold is moderately wounded.
Harold hits you with a +2 scimitar of draining.
* * * LOW HITPOINT WARNING * * *
You partially resist.
You feel drained.
You punch Harold! You freeze Harold.
Harold is heavily wounded.
Harold hits you with a +2 scimitar of draining!
* * * LOW HITPOINT WARNING * * *
You partially resist.
You feel drained.
* * * LOW HITPOINT WARNING * * *
You hit Harold. You freeze Harold.
Harold is heavily wounded.
Harold hits you with a +2 scimitar of draining!
* * * LOW HITPOINT WARNING * * *
You partially resist.
You feel drained.
* * * LOW HITPOINT WARNING * * *
You punch Harold! You freeze Harold!
Harold is severely wounded.
Harold hits you with a +2 scimitar of draining!
* * * LOW HITPOINT WARNING * * *
You partially resist.
You feel drained.
* * * LOW HITPOINT WARNING * * *
You punch Harold! You freeze Harold.
Harold is almost dead.
Harold hits you with a +2 scimitar of draining!
You die...

♣... .... ## ... #.# ..
..+###.## #......#
#......## #..Y@..#
#..#.### #. ##.### #.#
#..# ##..### ##.#
#.....# #..### #.....#
###.PP#####
#.....#######..........
#....^#...............#


You could see Harold.

Vanquished Creatures
  2 komodo dragons (Lair:1)
  A steam dragon (D:8)
  A hornet zombie (D:7)
  An ice beast (D:6)
  An orc warrior (D:5)
  2 ogres
  4 centaurs
  3 bullfrogs
  3 wyvern zombies
  A wyvern skeleton (D:6)
  A water moccasin skeleton (D:6)
  8 wights
  A vampire bat (D:5)
  3 centaur zombies
  A hound (D:6)
  A jelly (D:6)
  3 bullfrog skeletons
  A gnoll shaman (D:7)
  Jessica (D:2)
  2 iguanas (D:5)
  2 orc wizards
  Terence (D:2)
  3 killer bee zombies (D:7)
  A howler monkey zombie (D:7)
  A howler monkey skeleton (D:4)
  4 gnolls
  12 adders
  2 shadow imps
  An adder skeleton (D:4)
  3 worms (D:3)
  A dart slug (D:4)
  3 fire bats (D:5)
  16 orcs
  2 spectral bats (D:5)
  3 bat skeletons (D:5)
  A bat zombie (D:5)
  7 endoplasms
  9 goblins
  8 hobgoblins
  3 quokkas
  8 ball pythons
  15 bats
  A bat simulacrum (D:5)
  3 frilled lizards
  5 kobolds
  6 rats
162 creatures vanquished.

Vanquished Creatures (others)
  5 plants (D:1)
  A withered plant (D:1)
6 creatures vanquished.

Grand Total: 168 creatures vanquished

Notes
Turn   | Place    | Note
-------+----------+-------------------------------------------
     0 | D:1      | pkoi the Draconian Transmuter began the quest for the Orb.
     0 | D:1      | Reached XP level 1. HP: 16/16 MP: 3/3
   213 | D:1      | Reached XP level 2. HP: 21/23 MP: 3/5
   607 | D:1      | Reached skill level 4 in Unarmed Combat
   665 | D:1      | Found a faded altar of an unknown god.
  1044 | D:2      | Noticed Jessica
  1054 | D:2      | Killed Jessica
  1055 | D:2      | Reached XP level 3. HP: 28/28 MP: 4/6
  1059 | D:2      | Learned a level 3 spell: Spider Form
  1360 | D:2      | Noticed Terence
  1718 | D:2      | Reached XP level 4. HP: 35/35 MP: 5/7
  1917 | D:2      | Killed Terence
  2504 | D:2      | Noticed Sigmund
  2522 | D:3      | Reached skill level 5 in Unarmed Combat
  2598 | D:3      | Reached skill level 1 in Poison Magic
  2679 | D:3      | Identified the ring of Ascent {Wiz rPois rF- rN+ Slay+2}
  2781 | D:3      | Reached XP level 5. HP: 35/40 MP: 6/8
  2848 | D:3      | Learned a level 4 spell: Ice Form
  2945 | D:3      | Found a snail-covered altar of Cheibriados.
  2983 | D:3      | Noticed a centaur
  3000 | D:3      | Killed a centaur
  3001 | D:3      | Reached skill level 1 in Ice Magic
  3719 | D:3      | Found a shimmering blue altar of Sif Muna.
  3778 | D:3      | Became a worshipper of Sif Muna the Loreminder
  3946 | D:4      | Reached XP level 6. HP: 46/47 MP: 10/10
  4613 | D:4      | Found a hazy altar of Hepliaklqana.
  4613 | D:4      | Found a faded altar of an unknown god.
  4621 | D:4      | Found a shadowy altar of Dithmenos.
  4623 | D:4      | Found a faded altar of an unknown god.
  4625 | D:4      | Found an ornate altar of the Wu Jian Council.
  5072 | D:5      | Entered Level 5 of the Dungeon
  5536 | D:5      | Found a transporter.
  5551 | D:5      | Found a staircase to the Ecumenical Temple.
  5562 | Temple   | Entered the Ecumenical Temple
  5748 | D:5      | Found a transporter.
  5799 | D:5      | Reached skill level 6 in Unarmed Combat
  5799 | D:5      | Your scales start taking on a pale cyan-grey colour.
  5799 | D:5      | Reached XP level 7. HP: 39/52 MP: 9/11
  5799 | D:5      | Gained mutation: You are immune to the effects of steam.
                  | [Pale Draconian growth]
  6000 | D:5      | Found a radiant altar of Vehumet.
  6102 | D:5      | Reached * piety under Sif Muna
  7222 | D:6      | Reached XP level 8. HP: 44/59 MP: 11/13
  7327 | D:6      | Reached skill level 7 in Unarmed Combat
  7966 | D:7      | Found a stormy altar of Qazlal.
  8242 | D:7      | Reached ** piety under Sif Muna
  8790 | D:7      | Reached skill level 8 in Unarmed Combat
  8823 | D:7      | Reached skill level 5 in Transmutations
  9314 | D:7      | Found a basalt altar of Yredelemnul.
  9802 | D:7      | Reached XP level 9. HP: 63/64 MP: 13/15
 10251 | D:8      | Found a staircase to the Lair.
 10755 | D:8      | Reached skill level 5 in Spellcasting
 11126 | Lair:1   | Entered Level 1 of the Lair of Beasts
 11126 | Lair:1   | Noticed a komodo dragon
 11131 | Lair:1   | Killed a komodo dragon
 11132 | Lair:1   | Reached skill level 9 in Unarmed Combat
 11232 | Lair:1   | Noticed a komodo dragon
 11242 | Lair:1   | Killed a komodo dragon
 11360 | Lair:1   | Noticed Harold
 11369 | Lair:1   | HP: 3/72 [Harold/+2 scimitar of draining (3)]
 11370 | Lair:1   | Mangled by Harold

Illustrated notes

Levels and vault maps discovered:
D:1:      lemuel_arrival_room, layout_loops_ring,
          shapermc_ecumenical_altar_flowoftime, st_stairs_3
D:2:      layout_basic, serial_glass, glass_columns_b, glass_columns_c,
          feat_on_display, minmay_strange_pillars, due_unseen_surprise,
          uniq_terence, uniq_jessica, uniq_sigmund
D:3:      minmay_chambers_of_threes, layout_rooms,
          nicolae_sif_muna_little_library, cheibriados_altar_1
D:4:      layout_basic, chequers_temple_overflow_minitemple,
          kennysheep_generic_room_3
D:5:      gammafunk_steamed_eel, layout_cave_pools, nicolae_vehumet_altar_sigil,
          minmay_temple_entry_hall, goddamned_bats
D:6:      layout_cave_pools, minmay_liquid_box,
          amcnicky_mini_rare_corridor_liquid
D:7:      layout_rooms, grunt_qazlal_clouds, nicolae_yredelemnul_corpse_copse
D:8:      layout_rooms, dpeg_oklobed_lair, kennysheep_path_1,
          kb_lookout_dungeons_type
Temple:   nicolae_temple_hex_pool
Lair:1:   layout_roguey, lemuel_oklob_altar, grunt_megastairs_1,
          infiniplex_staircase_pool, uniq_harold

Skill      XL: |  1  2  3  4  5  6  7  8  9 |
---------------+----------------------------+-----
Unarmed Combat | 4 5 6 8 9 |  9.4
Poison Magic   | 1 2 3 |  3.0
Ice Magic      | 1 2 4 |  4.0
Dodging        | 2 3 |  3.0
Transmutations | 3 5 |  5.8
Spellcasting   | 3 4 5 |  5.3
Fighting       | 3 |  3.0

Action                   |  1- 3 |  4- 6 |  7- 9 || total
-------------------------+-------+-------+-------++-------
Melee: Unarmed           |    93 |   220 |   236 ||   549
       Headbutt          |     5 |    20 |    19 ||    44
       Tailslap          |    12 |    25 |    25 ||    62
       Kick              |     6 |    32 |    35 ||    73
       Punch             |       |     8 |     4 ||    12
 Cast: Beastly Appendage |    12 |    16 |    22 ||    50
       Spider Form       |       |       |    11 ||    11
       Ice Form          |       |       |     3 ||     3
 Abil: Breathe Steam     |       |       |     6 ||     6
  Use: Scroll            |     2 |     6 |    12 ||    20
 Stab: Sleeping          |     3 |       |     1 ||     4
       Distracted        |       |     1 |       ||     1
Armor: Skin              |    20 |    62 |    93 ||   175
Dodge: Dodged            |    47 |   128 |   238 ||   413
